 Dungeon Crawl Stone Soup version 0.19-a0-262-g5df7875 (webtiles) character file.

58 Duffy the Ruffian (level 3, -44/28 HPs)
             Began as a Minotaur Transmuter on May 25, 2016.
             Killed from afar by a gnoll (47 damage)
             ... with an exploding inner flame
             ... hexed by the player character
             ... on level 3 of the Dungeon.
             The game lasted 00:01:51 (1805 turns).

Duffy the Ruffian (Minotaur Transmuter)             Turns: 1805, Time: 00:01:52

Health: -44/28     AC:  6    Str: 15    XL:     3   Next: 76%
Magic:  4/4        EV: 11    Int: 10    God:
Gold:   178        SH:  0    Dex: 10    Spells: 0 memorised, 4 levels left

rFire  . . .     SeeInvis .       - Unarmed
rCold  . . .     Gourm    .     l - +0 ring mail
rNeg   . . .     Faith    .     (no shield)
rPois  +         Spirit   .     (helmet restricted)
rElec  .         Dismiss  .     (no cloak)
rCorr  .         Reflect  .     (no gloves)
SustAt .         Harm     .     t - +0 pair of boots
MR     .....                    (no amulet)
Stlth  ..........               (no ring)
                                m - ring of poison resistance

@: not resistant to hostile enchantments, extremely unstealthy
A: retaliatory headbutt, horns 2
a: no special abilities


You were on level 3 of the Dungeon.
You were not hungry.

You visited 1 branch of the dungeon, and saw 3 of its levels.

You collected 178 gold pieces.


Innate Abilities, Weirdness & Mutations

You reflexively headbutt those who attack you in melee.
You have a pair of horns on your head.


   Skills:
 - Level 1.2 Fighting
 - Level 2.1 Dodging
 + Level 5.2 Unarmed Combat
 - Level 1.3 Spellcasting
   Level 1.5 Transmutations


You had 4 spell levels left.
You didn't know any spells.

Inventory:

Missiles
 a - 33 arrows
Armour
 b - a +0 robe
 f - a +0 leather armour
 l - a +0 ring mail (worn)
 t - a +0 pair of boots (worn)
Jewellery
 m - a ring of poison resistance (left hand)
 p - an uncursed ring of see invisible {unknown}
Wands
 B - a wand of iceblast (14/15)
Scrolls
 e - a scroll of enchant armour
 y - 2 scrolls of remove curse
Potions
 g - a potion of lignification {unknown}
 h - a potion of resistance {unknown}
 i - a potion of haste {unknown}
 k - a potion of berserk rage {unknown}
 q - 2 potions of brilliance {unknown}
 u - a potion of curing {unknown}
 A - a potion of agility {unknown}
 C - a potion of magic {unknown}
Books
 c - a book of Changes
Comestibles
 d - 3 bread rations
 j - a meat ration
 o - a slice of pizza
 x - 4 fruits
 z - 4 chunks of flesh

Dungeon Overview and Level Annotations

Branches:
Dungeon (3/15)

Altars:


Message History

A gnoll comes into view. It is wielding a spear.
There is an open door, spattered with blood here.
The gnoll shouts!
You see here a yellow potion.
C - a yellow potion The gnoll hits you but does no damage.
Read which item? (? for menu, Esc to quit)
As you read the scroll labeled USEIKYT WEDY, it crumbles to dust.
It is a scroll of identify.
Identify which item? (\ to view known items) (? for menu, Esc to quit)
y - 2 scrolls of remove curse The gnoll hits you.
Read which item? (? for menu, Esc to quit)
Identify which item? (\ to view known items) (? for menu, Esc to quit)
As you read the scroll of identify, it crumbles to dust.
e - a scroll of enchant armour The gnoll shaman calls upon its god to speed up something.
The gnoll closely misses you.
Read which item? (? for menu, Esc to quit)
As you read the scroll labeled CAGGOEXKAH, it crumbles to dust.
It is a scroll of amnesia.
Forget which spell ([?*] list [ESC] exit)?
Your memory of Beastly Appendage unravels.
The gnoll closely misses you. You furiously retaliate!
You headbutt the gnoll.
Read which item? (? for menu, Esc to quit)
As you read the scroll labeled MOSUHI YNAJO, it crumbles to dust.
It is a scroll of recharging.
Charge which item? (? for menu, Esc to quit)
Your wand of iceblast glows for a moment.
The gnoll barely misses you.
Read which item? (? for menu, Esc to quit)
As you read the scroll labeled DENGUT OCUIHAI, it crumbles to dust.
The creatures around you are filled with an inner flame!
It was a scroll of immolation.
The gnoll hits you but does no damage.
The gnoll shaman calls upon its god to speed up the gnoll shaman.
The gnoll shaman seems to speed up.
You hear a shout!
Read which item? (? for menu, Esc to quit)
As you read the scroll labeled XUWKO LABATH, it crumbles to dust.
It is a scroll of enchant weapon.
You aren't carrying any weapons that can be enchanted.
The gnoll hits you.
You barely miss the gnoll. You punch the gnoll.
The gnoll is heavily wounded.
The gnoll hits you but does no damage.
You punch the gnoll!
The gnoll explodes!
The fiery explosion engulfs you!
Ouch! That really hurt!
You die... #####++###### g........... .g.g....g.. gggg.g...

...gg.
#########gg#
+...@.gOggg+
############


You could see an ogre (inner flame), 2 gnoll shamans and 4 gnolls.

Action                   || total
-------------------------++-------
Melee: Unarmed           ||   102
       Headbutt          ||     5
       Punch             ||     1
  Use: Scroll            ||     6
  Eat: Chunk             ||     3
Armor: Leather armour    ||     6
       Ring mail         ||    20
       Robe              ||     1
Dodge: Dodged            ||    54

Notes
Turn   | Place    | Note
--------------------------------------------------------------
     0 | D:1      | Duffy the Minotaur Transmuter began the quest for the Orb.
     0 | D:1      | Reached XP level 1. HP: 16/16 MP: 1/1
   258 | D:1      | Reached skill level 4 in Unarmed Combat
   258 | D:1      | Reached XP level 2. HP: 23/23 MP: 3/3
   899 | D:2      | Reached XP level 3. HP: 28/28 MP: 4/4
  1506 | D:2      | Reached skill level 5 in Unarmed Combat
  1790 | D:3      | Noticed an ogre
  1805 | D:3      | Killed from afar by a gnoll

Skill      XL: |  1  2  3 |
---------------+----------+-----
Unarmed Combat | 4 5 |  5.2
Fighting       | |  1.2
Dodging        | |  2.1
Spellcasting   | |  1.3
Transmutations | |  1.5

Vault maps used:
D:1:      dpeg_arrival_tiny_k, minmay_newt_pond
D:2:      first_bread
D:3:      lemuel_castle_with_subvaults, minmay_rats_cheesy_pizza

Vanquished Creatures
  An adder
  A worm
  2 orcs
  6 goblins
  5 hobgoblins
  4 jackals
  3 ball pythons
  3 bats
  11 giant newts
  5 kobolds
  5 rats
46 creatures vanquished.
